AoeStats
← Profucius9933

Arabia

510229594Analyzed
4v4 RM · 2d ago on Sep 30, 2026· 47m 49s· 8 players
Game mode
Random Map
Map size
Large (8 player)
Population
200
Speed
Normal
Resources
Standard
Victory
Conquest
Starting age
Dark Age
Ending age
Imperial Age
RankedLock teamsTeams togetherTeam positionsShared explorationLock speedFull tech treeHidden civsTurbo modeCheats
Victory
Defeat
🇨🇴 Malians · Colombia
1204
+5
🇻🇳 Slavs · Vietnam
897
+15
🇨🇴 Khmer · Colombia
852
+17
🇨🇴 Tatars · Colombia
655
+23
🇺🇸 Franks · United States
922
-17
🇺🇸 Dravidians · United States
897
-16
🇦🇷 Britons · Argentina
875
-15
🇦🇷 Burmese · Argentina
808
-12
Cr3wCo
8:56 Feudal Age
7:16 Loom
9:34 Double-Bit Axe
16:14 Wheelbarrow
15:50 Scale Barding Armor
15:37 Horse Collar
21:05 Castle Age
19:08 Gold Mining
19:58 Forging
20:18 Bloodlines
24:27 Husbandry
26:54 Chain Barding Armor
26:47 Stone Mining
28:31 Iron Casting
28:40 Bow Saw
28:32 Heavy Plow
30:03 Hand Cart
35:35 Imperial Age
32:53 Town Watch
34:22 Town Patrol
35:02 Gold Shaft Mining
35:02 Stone Shaft Mining
34:43 Murder Holes
35:09 Ballistics
34:30 Treadmill Crane
36:28 Farimba
36:52 Conscription
38:31 Hoardings
37:18 Cavalier
39:14 Plate Barding Armor
39:00 Fletching
40:12 Crop Rotation
40:42 Heavy Camel Rider
42:19 Bodkin Arrow
43:30 Chemistry
42:41 Masonry
43:37 Tigui
jsanchezg711
10:14 Feudal Age
8:31 Loom
11:05 Gold Mining
11:03 Double-Bit Axe
16:07 Wheelbarrow
19:09 Stone Mining
20:29 Forging
20:26 Scale Barding Armor
22:48 Bloodlines
27:36 Castle Age
32:52 Chain Barding Armor
33:08 Iron Casting
32:38 Husbandry
33:11 Horse Collar
33:48 Bow Saw
34:37 Heavy Plow
40:10 Gold Shaft Mining
46:36 Imperial Age
44:22 Hand Cart
45:21 Stone Shaft Mining
48:08 Plate Barding Armor
48:35 Blast Furnace
AngeloCDLM1946
12:08 Feudal Age
12:52 Town Watch
15:18 Wheelbarrow
16:27 Horse Collar
16:34 Double-Bit Axe
18:01 Gold Mining
27:21 Castle Age
27:53 Bloodlines
28:18 Light Cavalry
28:59 Husbandry
30:44 Town Patrol
31:49 Heavy Plow
33:10 Hand Cart
33:47 Bow Saw
33:29 Stone Mining
33:32 Loom
34:10 Scale Mail Armor
36:09 Scale Barding Armor
41:16 Imperial Age
39:54 Ballistics
45:06 Elite Keshik
45:11 Cavalier
45:12 Hussar
46:00 Padded Archer Armor
46:21 Chain Barding Armor
47:02 Pikeman
david
10:05 Feudal Age
21:07 Castle Age
19:47 Scale Barding Armor
24:45 Horse Collar
25:29 Stone Mining
26:46 Fletching
27:52 Gold Mining
28:43 Bodkin Arrow
31:12 Gold Shaft Mining
31:01 Heavy Plow
35:19 Imperial Age
32:41 Man-at-Arms
33:22 Squires
33:23 Scale Mail Armor
33:34 Forging
33:39 Long Swordsman
36:06 Double-Bit Axe
35:57 Two-Handed Swordsman
37:05 Bow Saw
38:41 Chain Mail Armor
39:58 Pikeman
39:59 Champion
40:48 Halberdier
43:50 Plate Mail Armor
44:46 Iron Casting
45:32 Crop Rotation
48:33 Blast Furnace
jkulik11
1:13 Loom
10:33 Feudal Age
11:28 Double-Bit Axe
11:27 Horse Collar
21:11 Castle Age
23:04 Pikeman
25:19 Forging
25:10 Scale Mail Armor
30:10 Iron Casting
29:50 Chain Mail Armor
33:02 Squires
36:20 Bow Saw
Profucius9933
12:48 Feudal Age
17:12 Castle Age
15:01 Double-Bit Axe
18:26 Wheelbarrow
20:53 Forging
20:48 Scale Barding Armor
22:32 Bow Saw
23:27 Pikeman
26:04 Husbandry
28:13 Murder Holes
33:03 Iron Casting
32:48 Chain Barding Armor
33:06 Fletching
34:01 Caravan
37:18 Imperial Age
35:16 Bodkin Arrow
36:39 Hand Cart
37:05 Ballistics
37:48 Cavalier
39:38 Blast Furnace
39:13 Plate Barding Armor
39:17 Paladin
40:16 Light Cavalry
Camalote
8:37 Loom
10:55 Feudal Age
11:55 Double-Bit Axe
18:59 Fletching
22:17 Horse Collar
27:36 Castle Age
28:34 Bodkin Arrow
28:03 Crossbowman
29:53 Gambesons
31:37 Heavy Plow
37:05 Wheelbarrow
42:28 Imperial Age
41:06 Yeomen
41:09 Padded Archer Armor
42:58 Ballistics
42:46 Pikeman
46:23 Halberdier
jm_lage
4:42 Loom
11:39 Feudal Age
13:46 Bloodlines
17:00 Castle Age
16:59 Bloodlines
18:39 Husbandry
26:04 Scale Barding Armor
28:39 Manipur Cavalry
32:48 Stone Mining
33:14 Forging
35:08 Wheelbarrow
36:13 Fletching
38:45 Iron Casting
Connection lost

Rejoining the realm…

Still unreachable

The connection could not be restored.

Session expired

The server has moved on; the page needs a fresh start.